 Dungeon Crawl Stone Soup version 0.21.1-1-g345015f (webtiles) character file.

24 Labyrinth the Ruffian (level 2, -3/23 HPs)
             Began as a Draconian Transmuter on July 21, 2018.
             Slain by a kobold
             ... wielding a +0 short sword
              (4 damage)
             ... on level 2 of the Dungeon.
             The game lasted 00:12:30 (2029 turns).

Labyrinth the Ruffian (Draconian Transmuter)        Turns: 2029, Time: 00:12:31

Health: -3/23      AC:  4    Str: 12    XL:     2   Next: 79%
Magic:  4/5        EV: 17    Int: 13    God:
Gold:   37         SH:  3    Dex: 16    Spells: 2/5 levels left

rFire    . . .     SeeInvis .   i - +0 short sword
rCold    . . .     Gourm    .   r - +0 buckler
rNeg     . . .     Faith    .   (armour unavailable)
rPois    .         Spirit   .   (helmet restricted)
rElec    .         Reflect  .   (no cloak)
rCorr    .         Harm     .   (no gloves)
MR       .....                  (no boots)
Stlth    ++........             g - amulet of regeneration
HPRegen  0.47/turn              (no ring)
MPRegen  0.09/turn              (no ring)

@: agile, lethally poisoned (-3 -> -4), appendage (expiring)
A: unfitting armour, horns 2, cold-blooded, AC +4
a: End Transformation


You were on level 2 of the Dungeon.
You were not hungry.
You had grown temporary horns.
You visited 1 branch of the dungeon, and saw 2 of its levels.

You collected 37 gold pieces.

Inventory:

Hand Weapons
 h - a +0 dagger
 i - a +0 short sword (weapon)
 m - a cursed +0 dagger
 s - a +0 dagger
 u - a +0 club
 w - a +0 hunting sling
 x - a +0 dagger
Missiles
 a - 33 arrows
 p - 23 stones (quivered)
Armour
 d - a +0 scale mail
 f - a +0 ring mail
 l - a +0 leather armour
 n - a +0 robe
 r - a +0 buckler (worn)
Jewellery
 g - an amulet of regeneration (around neck)
Scrolls
 k - 2 scrolls of remove curse
 q - a scroll of fog {unknown}
 v - a scroll of enchant weapon {unknown}
Potions
 j - a potion of degeneration
Books
 b - a book of Changes

   Spells                             Type                      Level
   a - Beastly Appendage              Transmutation                1
   b - Sticks to Snakes               Transmutation                2
   c - Spider Form                    Transmutation/Poison         3
   d - Ice Form                       Ice/Transmutation            4
   e - Blade Hands                    Transmutation                5
Comestibles
 c - 5 rations
 t - a chunk of flesh


   Skills:
 + Level 1.1 Fighting
 + Level 0.5 Short Blades
 + Level 2.0 Dodging
 + Level 3.3 Unarmed Combat
 + Level 2.3 Spellcasting
 + Level 2.2 Transmutations


You had 2 spell levels left.
You knew the following spells:

 Your Spells              Type           Power        Failure   Level  Hunger
a - Beastly Appendage     Tmut           #.....       17%         1    #......
b - Sticks to Snakes      Tmut           #.......     26%         2    ###....


Dungeon Overview and Level Annotations

Branches:
Dungeon (2/15)

Altars:


Innate Abilities, Weirdness & Mutations

Your plain brown scales are hard. (AC +4)
You cannot fit into any form of body armour.
You are cold-blooded and may be slowed by cold attacks.
You have a pair of horns on your head.


Message History

You grow a pair of large bovine horns.
You feel sick.
You feel sick.
Things that are here:
a whip; 18 stones
Okay, then.
You feel agile all of a sudden.
You feel sick. The kobold misses you.
You hit the kobold.
The kobold is severely wounded.
You feel sick. The kobold misses you.
You closely miss the kobold.
The kobold is severely wounded.
Your transformation is almost over.
The kobold hits you with a short sword.
* * * LOW HITPOINT WARNING * * *
You hit the kobold but do no damage.
The kobold is severely wounded.
* * * LOW HITPOINT WARNING * * *
You feel sick. The kobold hits you with a short sword.
You die...

.# #. ♣♣ ♣.#
.♣♣.. ♣♣♣♣♣.♣..
♣....♣♣.# #
(..♣.♣....#.##.#
(......K@.....(#
..###.#####.####
#. #.### #.
#...# # #.#.#
..#####.#.#
........#.###
............####
.#######..#.>..#


You could see a kobold.

Vanquished Creatures
  A worm (D:2)
  A dart slug (D:1)
  4 goblins
  2 hobgoblins
  4 bats
  5 kobolds
  5 rats
  2 fungi (D:1)
24 creatures vanquished.

Notes
Turn   | Place    | Note
-------+----------+-------------------------------------------
     0 | D:1      | Labyrinth the Draconian Transmuter began the quest for the Orb.
     0 | D:1      | Reached XP level 1. HP: 16/16 MP: 3/3
   873 | D:1      | Reached XP level 2. HP: 23/23 MP: 3/5
   893 | D:1      | Learned a level 2 spell: Sticks to Snakes
  2028 | D:2      | HP: 1/23 [kobold/short sword (1)]
  2029 | D:2      | Slain by a kobold

Skill      XL: |  1  2 |
---------------+-------+-----
Dodging        | 2 |  2.0
Fighting       | |  1.1
Short Blades   | |  0.5
Unarmed Combat | |  3.3
Spellcasting   | |  2.3
Transmutations | |  2.2

Action                   || total
-------------------------++-------
Melee: Unarmed           ||    32
       Short sword       ||    66
       Tailslap          ||     7
       Kick              ||    11
       Headbutt          ||     2
Throw: Stone             ||     5
 Cast: Beastly Appendage ||    15
  Use: Scroll            ||     5
       Potion            ||     1
  Eat: Chunk             ||     2
       Ration            ||     1
Armor: Skin              ||    26
Dodge: Dodged            ||    44
Block: Buckler           ||     3
